Map: Acid Plant LE

Players

ruppanator

  • Race: Terran Terran
  • League: Diamond
  • Spawn Location: 5:00

Woogie - Winner!

  • Race: Zerg Zerg
  • League: Diamond
  • Spawn Location: 11:00

VOD

Have the link to the VOD?

Description

Really good match that went into the late game. Felt like I was ahead after I busted into the main and was able to take out some SCVs

Time

  • Played on: Sept. 19, 2018, 7:05 p.m.
  • Length: 22:14
Show
View Real Time Build Order
Export as new Build Order

ruppanator Terran 

Build Orders: Liberator Opening, Reaper Expand, MMM Bio 

Get SALT Encoding   

  12  0:01  SCV  
  13  0:13  SCV  
  14  0:17  Supply Depot  
  14  0:25  SCV  
  15  0:39  SCV, Barracks  
  16  0:45  Refinery  
  16  0:51  SCV  
  17  1:03  SCV  
  18  1:15  SCV  
  19  1:27  Orbital Command  
  19  1:28  Reaper  
  20  1:42  Command Center  
  20  1:54  Barracks  
  20  1:56  SCV  
  20  2:01  Barracks Reactor  
  21  2:07  Refinery  
  21  2:13  Supply Depot  
  21  2:14  SCV  
  22  2:23  Factory  
  22  2:28  SCV  
  23  2:45  Marine  
  23  2:46  Marine  
  23  2:47  Barracks Tech Lab  
  23  2:48  SCV  
  26  2:56  Orbital Command  
  26  3:01  SCV  
  26  3:03  Marine  
  28  3:06  Marine  
  28  3:10  Starport  
  29  3:14  Factory Reactor  
  29  3:16  SCV  
  29  3:19  Marine  
  30  3:21  Marine  
  30  3:26  Stimpack  
  32  3:32  Liberator  
  32  3:34  Marine  
  33  3:37  Marine  
  33  3:47  Bunker  
  33  3:51  Orbital Command  
  33  3:52  Hellion  
  37  4:05  Marine x3  
  40  4:15  Hellion  
  41  4:26  Marine x2  
  41  4:27  Marine  
  34  4:39  Hellion x2  
  34  4:44  Marine x2  
  38  4:57  Marine  
  38  5:02  Orbital Command  
  38  5:21  Supply Depot  
  38  5:22  Supply Depot  
  38  5:29  Combat Shield  
  38  5:37  SCV x2, Marine x3  
  38  5:41  Supply Depot  
  43  5:49  SCV  
  44  5:51  Supply Depot  
  44  5:52  Factory Tech Lab, Medivac x2  
  48  5:59  Marine x3  
  51  6:09  SCV x2  
  50  6:11  Barracks  
  50  6:17  Marine  
  51  6:21  SCV x2  
  51  6:24  Marine x2  
  55  6:33  SCV  
  55  6:34  Marine  
  57  6:41  Marine  
  57  6:42  Liberator x2  
  55  6:52  SCV x2  
  56  7:00  Supply Depot  
  62  7:04  SCV  
  62  7:06  Refinery  
  63  7:10  SCV  
  63  7:12  Marine x2  
  63  7:13  Command Center  
  66  7:16  SCV  
  69  7:22  Marauder  
  69  7:26  Siege Tank  
  72  7:33  Refinery  
  72  7:36  Barracks Reactor  
  72  7:41  Marine  
  72  7:42  Barracks, Marine  
  72  7:43  Marine  
  75  8:00  Marine x2  
  75  8:01  Siege Tank, Marine  
  74  8:20  Marine x3  
  74  8:22  Medivac  
  73  8:33  Siege Tank, Barracks Reactor  
  69  8:42  Marine x2  
  69  8:44  Concussive Shells  
  71  9:05  Siege Tank  
  74  9:10  Command Center  
  74  9:12  Liberator x2  
  73  9:26  Marine x3  
  73  9:27  Supply Depot, Marine x4  
  73  9:31  SCV x2  
  88  9:43  SCV x2  
  88  9:44  Siege Tank, Marine x4  
  88  9:45  Marine x3  
  100  9:51  Engineering Bay  
  100  9:55  SCV  
  101  10:02  Marine x3  
  104  10:10  Marine x4  
  105  10:20  Marine x2  
  107  10:33  Marine x5  
  107  10:35  Siege Tank  
  115  10:52  Marauder  
  113  11:02  Marine x2  
  113  11:03  Planetary Fortress  
  110  11:13  Marauder  
  110  11:18  Marine x2  
  103  11:29  Marine  
  103  11:30  Marine x3  
  100  11:34  Marine  
  100  11:36  Marine x2  
  103  11:46  Siege Tank  
  106  11:47  Marine x2  
  106  11:48  Marine x2  
  106  11:52  Marine  
  106  11:54  Marine x2  
  102  12:05  Marine x2  
  98  12:19  Marine x3  
  97  12:28  Marine x3  
  97  12:29  Marine  
  101  12:30  SCV x2  
  101  12:33  SCV  
  99  12:37  Marine  
  99  12:42  SCV x2  
  62  13:03  Marine  
  62  13:04  Marine x3  
  62  13:05  Marauder, Siege Tank  
  71  13:06  Medivac  
  73  13:26  Marauder  
  75  13:33  Marine x6  
  72  13:46  Siege Tank  
  72  13:47  Marauder, Medivac x2  
  78  13:51  Marine x6  
  78  13:57  Planetary Fortress  
  78  13:59  SCV x3  
  81  14:08  Marine  
  81  14:09  Marauder, Marine  
  69  14:24  Marine x3  
  69  14:25  Marine  
  69  14:26  Marine  
  69  14:30  Marauder  
  68  14:38  Marine  
  66  14:40  Siege Tank  
  66  14:42  Marine x4  
  66  14:44  Marine  
  74  14:51  Marine  
  75  14:56  Marine, Liberator x2  
  76  15:00  Marine x4  
  76  15:02  Marine  
  76  15:03  SCV x3  
  84  15:09  Marine  
  84  15:12  Siege Tank  
  94  15:14  Marine  
  94  15:15  Terran Infantry Weapons Level 1, SCV x3  
  94  15:18  Marine x3  
  94  15:20  Armory, Engineering Bay  
  94  15:21  Marine x2  
  102  15:27  SCV x2  
  105  15:32  Refinery  
  105  15:34  Marine x2  
  107  15:36  Bunker, SCV  
  107  15:40  Supply Depot  
  108  15:48  Supply Depot  
  108  15:51  Supply Depot  
  108  15:55  Terran Infantry Armor Level 1  
  108  15:58  Liberator x2  
  108  15:59  Unknown  
  108  16:02  SCV x3, Marine x5  
  116  16:09  Refinery, SCV, Marine x2  
  116  16:10  Refinery  
  119  16:14  SCV x3  
  128  16:19  Marine x4  
  132  16:50  SCV  
  132  17:00  Marine  
  132  17:01  Marine x2  
  132  17:02  Marine  
  117  17:10  Marine  
  117  17:11  Marine x2  
  120  17:18  Marine  
  120  17:19  Marine x2  
  120  17:20  Marauder  
  125  17:27  Siege Tank  
  125  17:28  Marine x2, Medivac x2  
  132  17:30  Marine  
  132  17:36  Marine  
  132  17:37  Marine  
  116  17:41  Marauder  
  116  17:43  SCV x3  
  116  17:44  Marine  
  114  17:46  Marine x2  
  114  17:50  Marine  
  118  17:53  SCV  
  118  17:54  Marine x2  
  118  17:55  SCV  
  122  17:59  Siege Tank  
  122  18:02  Marine x2  
  122  18:04  Marine  
  128  18:05  Refinery  
  128  18:06  Medivac  
  128  18:07  Medivac  
  132  18:17  Supply Depot x2  
  132  18:19  Supply Depot  
  132  18:22  Supply Depot  
  132  18:23  Terran Vehicle Weapons Level 1  
  132  18:24  Terran Infantry Weapons Level 2, Marine x2, SCV x3  
  132  18:25  Terran Infantry Armor Level 2  
  132  18:26  Marine  
  132  18:27  Marine  
  140  18:35  Marine  
  140  18:38  Siege Tank, Marine x2  
  140  18:39  Barracks  
  140  18:41  Supply Depot  
  145  18:42  Marine x2  
  145  18:44  Marine x2  
  149  18:52  Medivac  
  149  18:53  Marine, Medivac  
  154  19:04  Marine x4  
  154  19:05  Marine x2  
  154  19:08  SCV x3  
  163  19:11  Marine  
  163  19:22  Marine x2  
  165  19:26  Marine x4  
  165  19:27  Siege Tank  
  165  19:28  Medivac x2  
  165  19:29  Marauder  
  178  19:38  Orbital Command  
  171  19:44  Marine x4  
  171  19:45  Marine  
  171  19:55  Marine  
  171  19:56  Marine  
  171  19:58  Viking x2  
  177  20:02  Marine  
  178  20:09  Starport  
  178  20:19  Marine x2  
  180  20:21  Barracks Reactor  
  180  20:23  Marine x3  
  180  20:27  SCV  
  169  20:59  Marine x4  
  169  21:00  Viking x2  
  169  21:03  Marine x4  
  145  21:18  Marauder  
  104  21:29  Marine x4  
  104  21:30  Viking x2  
Show
View Real Time Build Order
Export as new Build Order

Woogie Zerg - Winner!

Build Orders: Hatch First 

Get SALT Encoding   

  12  0:01  Drone  
  13  0:13  Overlord  
  13  0:19  Drone  
  14  0:31  Drone x2  
  14  0:35  Drone  
  17  0:54  Hatchery  
  17  0:55  Drone  
  17  1:09  Spawning Pool  
  16  1:12  Drone  
  16  1:14  Extractor  
  16  1:16  Drone  
  17  1:20  Drone  
  18  1:28  Drone  
  19  1:39  Overlord  
  19  1:50  Drone  
  20  1:56  Queen  
  22  2:01  Zergling x2  
  22  2:06  Queen  
  22  2:07  Drone  
  26  2:12  Drone  
  27  2:17  Metabolic Boost  
  27  2:24  Zergling x4  
  29  2:34  Spore Crawler  
  28  2:41  Zergling x6  
  31  2:49  Overlord  
  31  3:05  Baneling Nest, Zergling x6  
  33  3:09  Zergling x2  
  34  3:16  Zergling x6  
  34  3:17  Zergling x4  
  39  3:29  Drone x2  
  39  3:30  Drone x2  
  43  3:41  Drone  
  43  3:43  Overlord  
  43  3:47  Hatchery  
  43  3:57  Baneling  
  43  3:58  Baneling x4  
  42  4:04  Drone x5  
  42  4:05  Overlord  
  42  4:08  Queen  
  42  4:34  Baneling  
  42  4:38  Drone x5  
  44  4:41  Extractor x2  
  39  4:50  Spore Crawler  
  39  4:52  Spore Crawler  
  37  5:01  Drone  
  37  5:02  Drone x6  
  44  5:19  Evolution Chamber  
  44  5:20  Evolution Chamber  
  42  5:23  Roach Warren  
  41  5:28  Drone  
  41  5:29  Drone x2  
  44  5:40  Lair  
  43  5:57  Zergling x6  
  43  5:58  Zergling x14  
  53  6:11  Queen  
  53  6:12  Queen  
  53  6:16  Zerg Melee Weapons Level 1, Zerg Ground Armor Level 1  
  57  6:20  Overlord x3  
  57  6:21  Drone  
  57  6:22  Drone x6  
  57  6:53  Baneling x2  
  57  6:54  Baneling x2  
  56  7:03  Centrifical Hooks  
  56  7:06  Drone x5  
  61  7:17  Zergling x14  
  68  7:26  Hatchery  
  67  7:33  Zergling x20  
  77  7:40  Baneling  
  77  7:43  Baneling x2  
  77  7:47  Hydralisk Den, Drone x4  
  77  7:49  Extractor  
  77  7:50  Extractor  
  78  7:54  Baneling x3  
  75  8:23  Queen  
  73  8:33  Spore Crawler, Queen  
  73  8:37  Queen  
  73  8:39  Grooved Spines  
  73  8:40  Overlord  
  73  8:41  Overlord x4  
  75  8:42  Drone x2  
  75  8:43  Drone  
  75  8:44  Drone x2  
  80  8:52  Zerg Missile Weapons Level 1, Zerg Ground Armor Level 2  
  80  8:56  Extractor  
  68  9:39  Infestation Pit  
  66  9:53  Drone  
  66  9:57  Drone x6  
  73  10:02  Spore Crawler  
  71  10:11  Hydralisk  
  71  10:12  Hydralisk x15  
  71  10:13  Hydralisk x2  
  107  10:19  Burrow  
  107  10:21  Muscular Augments  
  103  10:40  Overlord x2  
  103  10:41  Overlord x4  
  103  10:42  Hive  
  103  10:45  Glial Reconstitution  
  95  11:11  Overseer  
  95  11:12  Spire, Overseer  
  95  11:17  Zergling x2  
  95  11:18  Zergling x28  
  79  11:37  Baneling  
  79  11:38  Baneling x14  
  79  11:39  Hydralisk x3  
  85  11:45  Queen x3  
  75  12:09  Zergling x16  
  75  12:10  Zergling x32  
  74  12:56  Hydralisk x9  
  74  12:57  Hydralisk x6  
  102  13:02  Greater Spire  
  102  13:07  Drone x2  
  102  13:08  Ultralisk Cavern  
  103  13:36  Drone x5  
  103  13:38  Drone x6  
  112  13:53  Baneling  
  112  13:54  Baneling x4  
  112  13:58  Zergling x4  
  112  13:59  Zergling x20  
  112  14:02  Extractor x2  
  112  14:26  Chitinous Plating  
  112  14:28  Ultralisk x4  
  125  14:46  Adrenal Glands  
  118  15:09  Ultralisk  
  118  15:10  Ultralisk  
  118  15:12  Zergling x4  
  118  15:13  Zergling x18  
  141  15:38  Hatchery  
  141  15:39  Overlord x4  
  141  15:40  Overlord x2  
  140  15:44  Zerg Melee Weapons Level 2  
  140  16:11  Ultralisk x2  
  152  16:28  Baneling x5  
  152  16:29  Baneling x7  
  152  16:30  Baneling  
  152  16:41  Corruptor x2  
  152  16:42  Corruptor x3  
  160  16:56  Hydralisk x5  
  162  17:12  Zergling x10  
  162  17:13  Zergling x10  
  172  17:21  Drone x4  
  157  17:43  Zergling x14  
  157  17:44  Zergling x4  
  164  18:04  Zerg Ground Armor Level 3  
  164  18:16  Evolution Chamber  
  163  18:23  Zerg Flyer Weapons Level 1  
  163  18:27  Brood Lord  
  163  18:28  Brood Lord  
  163  18:29  Brood Lord x3  
  173  18:47  Baneling x2  
  173  18:51  Baneling x2  
  173  18:56  Ultralisk x2  
  173  19:00  Overlord x2  
  185  19:22  Corruptor x7  
  171  21:18  Ultralisk x4  
  188  21:21  Overlord x3  
Tags
 
Add a new tag
Caveats
  • Supply blocks, unpowered buildings, or Contaminate may cause inaccurate times.
  • Supply counts are checked every 10 seconds.